 Dungeon Crawl Stone Soup version 0.22-a0-565-gfc6459a (webtiles) character file.

57 Darkshadow the Digger (level 4, -7/26 HPs)
             Began as a Gargoyle Earth Elementalist on June 27, 2018.
             Killed from afar by an orc wizard (12 damage)
             ... with a puff of flame
             ... on level 2 of the Dungeon.
             The game lasted 00:06:51 (1588 turns).

Darkshadow the Digger (Gargoyle Earth Elementalist) Turns: 1588, Time: 00:06:52

Health: -7/26      AC:  5    Str: 13    XL:     4   Next: 0%
Magic:  1/7        EV: 12    Int: 15    God:
Gold:   105        SH:  0    Dex: 10    Spells: 6/7 levels left

rFire    . . .     SeeInvis .   r - +0 whip
rCold    . . .     Gourm    .   (no shield)
rNeg     + . .     Faith    .   c - +0 robe
rPois    ∞         Spirit   .   (no helmet)
rElec    +         Reflect  .   (no cloak)
rCorr    .         Harm     .   (no gloves)
MR       .....                  (no boots)
Stlth    +.........             (no amulet)
HPRegen  0.08/turn              (no ring)
MPRegen  0.10/turn              (no ring)

@: confused
A: negative energy resistance 1, electricity resistance, unbreathing,
petrification resistance, rot immunity, AC +3
a: no special abilities


You were on level 2 of the Dungeon.
You were hungry.

You visited 1 branch of the dungeon, and saw 3 of its levels.

You collected 105 gold pieces.

Inventory:

Hand Weapons
 j - a +0 dagger of speed
 r - a +0 whip (weapon)
Missiles
 b - 25 stones (quivered)
Armour
 c - a +0 robe (worn)
 o - a cursed +0 scale mail
Scrolls
 a - 3 scrolls of remove curse {unknown}
 e - 2 scrolls of magic mapping {unknown}
 f - a scroll of noise {unknown}
 h - 2 scrolls of identify {unknown}
 i - 4 scrolls of teleportation {unknown}
 q - a scroll of enchant weapon {unknown}
 s - a scroll of immolation {unknown}
Potions
 g - 2 potions of agility {unknown}
 k - a potion of curing {unknown}
 l - a potion of brilliance {unknown}
 m - a potion of lignification {unknown}
 n - a potion of degeneration {unknown}
 p - 2 potions of berserk rage {unknown}
 t - a potion of resistance {unknown}
Comestibles
 d - 3 rations


   Skills:
 + Level 1.8 Fighting
 - Level 0.1 Short Blades
 * Level 0.9 Maces & Flails
 + Level 2.0 Dodging
 + Level 2.8 Stealth
 - Level 2.2 Spellcasting
   Level 0.7 Transmutations
 - Level 3.9 Earth Magic


You had 6 spell levels left.
You knew the following spells:

 Your Spells              Type           Power        Failure   Level  Hunger
a - Sandblast             Erth           ##....       4%          1    #......

Your spell library contained the following spells:

 Spells                   Type           Power        Failure   Level  Hunger
 Stone Arrow              Conj/Erth      #.....       28%         3    ###....
 Passwall                 Tmut/Erth      #.......     13%         2    ###....
 Lee's Rapid Deconstruct  Erth           ##........   75%         5    ######.
 Petrify                  Tmut/Erth      #.......     63%         4    #####..


Dungeon Overview and Level Annotations

Branches:
Dungeon (3/15)

Altars:
Gozag


Innate Abilities, Weirdness & Mutations

You are resistant to torment.
Your stone body is resilient. (AC +3)
You are immune to poison.
You resist negative energy. (rN+)
You are resistant to electric shocks. (rElec)
You can survive without breathing.
You are immune to petrification.
You are immune to rotting.


Message History

You hit the orc wizard.
The orc wizard is moderately wounded.
The orc wizard barely misses you.
You barely miss the orc wizard.
The orc wizard is moderately wounded.
The orc wizard hits you but does no damage.
You closely miss the orc wizard.
The orc wizard is moderately wounded.
The orc wizard points at you and mumbles some strange words.
You are confused.
You bump into the rock wall.
The orc wizard hits you but does no damage.
You bump into the rock wall.
The orc wizard hits you but does no damage.
You're too confused to cast spells.
The orc wizard gestures at you while chanting.
You resist with some effort.
The orc wizard points at you and mumbles some strange words.
The puff of flame hits you!
You die...

..## ###............#####........
...###..............##...........
##.....##.##.........#....##..###
##....###.#####.####.#....#...#
##.##.....# ##.####.#...##..##
.....###..####...........#..†#
##.#..#.........#####....#.#.#
#.##.........#.### #....#.#.#
##.####..####...@.###....#...#
##.##....# ###....##÷...#..####
...##.#..#######.#>##..........#
<..............................#
....#...........o.........^....#
.................###..###..#####
.................# ##...#.##
###..............####.....####
..................##......##.#


You could see an orc wizard.

Vanquished Creatures
  An adder (D:2)
  2 worms (D:2)
  2 dart slugs (D:1)
  2 leopard geckos (D:1)
  3 orcs (D:3)
  3 bats
  4 goblins
  3 hobgoblins
  7 kobolds
  2 frilled lizards
  8 rats
37 creatures vanquished.

Notes
Turn   | Place    | Note
-------+----------+-------------------------------------------
     0 | D:1      | Darkshadow the Gargoyle Earth Elementalist began the quest for the Orb.
     0 | D:1      | Reached XP level 1. HP: 10/10 MP: 3/3
   210 | D:1      | Reached XP level 2. HP: 16/16 MP: 1/5
   283 | D:1      | Reached skill level 1 in Fighting
   650 | D:1      | Reached XP level 3. HP: 20/20 MP: 4/6
  1200 | D:2      | Found an opulent altar of Gozag.
  1568 | D:3      | Reached XP level 4. HP: 26/26 MP: 2/7
  1588 | D:2      | Killed from afar by an orc wizard

Vault maps used:
D:1:      dpeg_arrival_long_road
D:2:      nicolae_gozag_seed_capital
D:3:      chequers_temple_overflow_minitemple, first_ration, uniq_grinder

Skill      XL: |  1  2  3 |
---------------+----------+-----
Fighting       | 1 |  1.8
Dodging        | 2 |  2.0
Short Blades   | |  0.1
Maces & Flails | |  0.9
Stealth        | |  2.8
Spellcasting   | |  2.2
Transmutations | |  0.7
Earth Magic    | |  3.9

Action                   |  1- 3 |  4- 6 || total
-------------------------+-------+-------++-------
Melee: Dagger            |     5 |       ||     5
       Whip              |     3 |    10 ||    13
 Cast: Sandblast         |    50 |     4 ||    54
  Eat: Chunk             |     2 |       ||     2
Armor: Robe              |     5 |     4 ||     9
Dodge: Dodged            |     4 |     9 ||    13

Table legend:
 A = Spawn XP
 B = Non-spawn XP
 C = Spawn XP percentage of total XP
 D = Spawn monster count
 E = Non-spawn monster count
 F = Spawn count percentage of total count
 G = Total turns spent on level
                    A         B        C        D         E        F      G
               +---------+---------+-------+---------+---------+-------+---------
         Total |       0 |      82 |   0.0 |       0 |      37 |   0.0 |  1588
               +---------+---------+-------+---------+---------+-------+---------
           D:1 |       0 |      34 |   0.0 |       0 |      19 |   0.0 |   973
           D:2 |       0 |      38 |   0.0 |       0 |      14 |   0.0 |   588
           D:3 |       0 |      10 |   0.0 |       0 |       4 |   0.0 |    27
               +---------+---------+-------+---------+---------+-------+---------
